 Dungeon Crawl Stone Soup version 0.32-a0-705-g60f233581c (webtiles) character file.

Game seed: 2390573842078074313

13602 hikkokomori the Fetichist (level 12, -8/89 HPs)
             Began as a Coglin Artificer on Mar 14, 2024.
             Was an Initiate of Gozag.
             Mangled by a cane toad (9 damage)
             ... while petrified by a basilisk
             ... on level 1 of the Lair of Beasts.
             The game lasted 00:36:53 (12583 turns).

hikkokomori the Fetichist (Coglin Artificer)       Turns: 12583, Time: 00:36:54

Health: -8/89      AC: 13    Str: 14    XL:     12   Next: 7%
Magic:  25/25      EV:  2    Int: 10    God:    Gozag
Gold:   1314       SH:  0    Dex: 22    Spells: 15/17 levels left

rFire   . . .        B - +1 hand cannon (drain) {Nenetl}
rCold   . . .        k - +0 sling (freeze) {Santiago}
rNeg    + + +        E - +2 ring mail "Vikhlo" {rCorr MP+9 Dex+3}
rPois   ∞            s - +2 helmet
rElec   +            (no cloak)
rCorr   +            f - +0 pair of gloves "Viamuth" {rElec rPois}
SInv    .            r - +0 pair of boots
Will    .....        (amulet unavailable)
Stlth   ++           (ring unavailable)
HPRegen 0.34/turn    (ring unavailable)
MPRegen 0.19/turn    (no gizmo)

%: no passive effects
@: petrified, studying Evocations
A: off-hand wielding, slow wielding, warmup strikes, no jewellery
a: Invent Gizmo, Renounce Religion, Potion Petition, Call Merchant, Bribe Branch


You were on level 1 of the Lair of Beasts.
You worshipped Gozag.
Gozag was most pleased with you.
You visited 4 branches of the dungeon, and saw 14 of its levels.
You also visited: Bailey.

You collected 2146 gold pieces.
You spent 740 gold pieces at shops.
You paid 92 gold pieces to Gozag.

Inventory:

Hand Weapons
 a - a +2 demon blade of electrocution
 k - a +0 sling of freezing (offhand) {Santiago}
 q - a +0 dagger of venom {Xochipepe}
 B - a +1 hand cannon of draining (weapon) {Nenetl}
 F - the +6 mace "Spider's Funeral" {freeze, *Slow rC++ Str+3 Int+2}
   (You found it on level 5 of the Dungeon)

   Str+3:     It affects your strength (+3).
   Int+2:     It affects your intelligence (+2).
   rC++:      It greatly protects you from cold.
   *Slow:     It may slow you when you take damage.
Missiles
 u - 47 poisoned darts
 O - a throwing net
Armour
 f - the +0 pair of gloves "Viamuth" (worn) {rElec rPois}
   (You bought it in a shop on level 4 of the Dungeon)

   rElec:     It insulates you from electricity.
   rPois:     It protects you from poison.
 j - a +0 ring mail
 p - a +2 pair of gloves
 r - a +0 pair of boots (worn)
 s - a +2 helmet (worn)
 w - a +2 helmet
 E - the +2 ring mail "Vikhlo" (worn) {rCorr MP+9 Dex+3}
   (You found it in a bailey)

   Dex+3:     It affects your dexterity (+3).
   MP+9:      It affects your magic capacity (+9).
   rCorr:     It protects you from acid and corrosion.
Wands
 c - a wand of flame (35)
 e - a wand of iceblast (3)
 i - a wand of polymorph (6)
Scrolls
 m - 4 scrolls of teleportation
 n - 3 scrolls of amnesia
 y - 2 scrolls of revelation
 z - a scroll of torment
 H - a scroll of summoning {unknown}
 I - a scroll of fog {unknown}
 K - a scroll of blinking
 L - 2 scrolls of vulnerability
Potions
 b - 3 potions of brilliance
 d - a potion of degeneration {unknown}
 g - a potion of mutation
 h - 3 potions of berserk rage
 l - 2 potions of resistance
 o - 4 potions of attraction
 t - 4 potions of lignification
 v - 2 potions of invisibility
 x - 2 potions of ambrosia
 A - 3 potions of enlightenment
 C - 4 potions of curing
 D - 3 potions of might
 G - a potion of magic
 J - a potion of heal wounds
 M - a potion of cancellation


   Skills:
 + Level 6.7 Fighting
 - Level 1.4 Short Blades
 - Level 10.0 Ranged Weapons
 + Level 4.9 Armour
 + Level 4.4 Dodging
 - Level 2.0 Stealth
 - Level 3.0 Spellcasting
 - Level 7.2 Translocations
 * Level 15.6 Evocations


You had 15 spell levels left.
You knew the following spells:

 Your Spells              Type           Power      Damage    Failure   Level
a - Blink                 Tloc           32%        N/A       4%          2

Your spell library contained the following spells:

 Spells                   Type           Power      Damage    Failure   Level
 Lesser Beckoning         Tloc           32%        N/A       4%          2
 Momentum Strike          Conj/Tloc      16%        3d8       19%         2
 Magic Dart               Conj           4%         1d3       47%         1
 Call Imp                 Summ           2%         N/A       63%         2
 Ensorcelled Hibernation  Hex/Ice        2%         N/A       63%         2
 Passwall                 Erth           1%         N/A       85%         3
 Stone Arrow              Conj/Erth      2%         3d7       85%         3
 Swiftness                Air            1%         N/A       85%         3
 Animate Armour           Summ/Erth      2%         N/A       99%         4
 Leda's Liquefaction      Alch/Erth      0%         N/A       99%         4
 Petrify                  Alch/Erth      1%         N/A       99%         4
 Metabolic Englaciation   Hex/Ice        0%         N/A       100%        5
 Lehudib's Crystal Spear  Conj/Erth      0%         10d2      100%        8


Dungeon Overview and Level Annotations

Branches:
Dungeon (10/15)            Temple (1/1) D:5            Lair (2/5) D:8
    Orc (1/2) D:10         Bailey (visited)
  Swamp: Lair:2-3    Shoals: Lair:2-3     Snake: Lair:2-3    Spider: Lair:2-3

Altars:
Ashenzari
Cheibriados
Dithmenos
Elyvilon
Fedhas
Gozag
Hepliaklqana
Kikubaaqudgha
Makhleb
Nemelex Xobeh
Okawaru
Qazlal
Ru
Sif Muna
Trog
Uskayaw
Vehumet
Wu Jian
Xom
Yredelemnul
Zin
The Shining One

Shops:
D:4 [*?*=   D:7 :   D:9 =


Innate Abilities, Weirdness & Mutations

You can wield a second weapon in your off-hand.
It takes a long time for you to wield or remove held weapons.
Your first few attacks do less damage.
You cannot equip rings or amulets.


Message History

You are slowing down.
The cane toad stings you!
The wolf is distracted by your dazzling golden aura.
The wolf howls!
You climb upwards.
You have turned to stone.
The cane toad stings you! The basilisk bites you. The cane toad stings you!
The basilisk gazes at you. The cane toad stings you. The basilisk gazes at you.
You resist with some effort. The cane toad stings you! The basilisk bites you.
* * * LOW HITPOINT WARNING * * *
The cane toad stings you but does no damage.
The wolf is no longer distracted by gold.
The wolf bites you.
* * * LOW HITPOINT WARNING * * *
The basilisk bites you!
* * * LOW HITPOINT WARNING * * *
The wolf completely misses you. The cane toad stings you!
* * * LOW HITPOINT WARNING * * *
The wolf bites you but does no damage.
The cane toad stings you but does no damage.
The basilisk bites you but does no damage.
The wolf bites you but does no damage. The wolf bites you but does no damage.
The cane toad stings you but does no damage.
The basilisk bites you.
* * * LOW HITPOINT WARNING * * *
The wolf bites you.
* * * LOW HITPOINT WARNING * * *
The cane toad stings you.
* * * LOW HITPOINT WARNING * * *
The wolf bites you.
* * * LOW HITPOINT WARNING * * *
The basilisk bites you!
* * * LOW HITPOINT WARNING * * *
The cane toad stings you!!
You die...
Your body crumbles into a pile of gold.

##......## ###..# ##...
#........♣# ###P#..# ####
..........♣## ###.....##
#...P...P...######......P#
#....♣♣♣......##........##
#....♣$♣......#........##
#....♣♣ß...............####
..♣.P...P..###........###.##
#.♣.......♣# #..@h....####.#
...♣.....♣# #..Fl...###.#<#
##.......# #.......####..#
#####.### ##...#..##...P#
### #..###.##...## #.##
#.#...## # ###
#.#...########
#....###.ß.##.
#####...###.......


You could see a cane toad, a basilisk and a wolf.

Vanquished Creatures
  Pikel (D:5)
  An orc sorcerer (Bailey)
  An elephant (D:8)
  A black mamba (Lair:2)
  A rime drake (Lair:1)
  3 cane toads (Lair:1)
  2 komodo dragons (Lair:1)
  2 trolls
  A glass eye (Bailey)
  15 yaks
  3 wyverns
  A warg (D:9)
  3 basilisks (Lair:1)
  2 steam dragons (D:8)
  Menkaure (D:5)
  3 water moccasins
  14 orc warriors
  A sky beast (D:6)
  An ice beast (D:7)
  4 black bears
  3 wolves (Lair:1)
  2 centaurs
  A lemure (D:5)
  A phantom (D:6)
  4 kobold brigands
  6 bullfrogs
  4 scorpions
  8 wights
  8 killer bees
  7 howler monkeys
  4 electric eels (Bailey)
  2 jellies (D:6)
  2 bombardier beetles
  A gnoll bouda (D:8)
  3 hounds
  5 orc priests
  2 sleepcaps
  Jessica (D:3)
  5 iguanas
  6 orc wizards
  10 gnolls
  3 adders
  A white imp (D:8)
  25 orcs
  12 endoplasms
  4 giant cockroaches
  16 goblins
  10 hobgoblins
  30 kobolds
  7 quokkas
  5 ball pythons
  6 bats
  4 frilled lizards
  10 rats
279 creatures vanquished.

Vanquished Creatures (collateral kills)
  An orc sorcerer (Bailey)
  An orc warrior (Bailey)
  A kobold brigand (D:10)
  2 killer bees (D:7)
  A gnoll (Bailey)
  An orc (D:7)
7 creatures vanquished.

Vanquished Creatures (others)
  Erica (D:10)
  A vampire (D:10)
  An acid dragon (D:10)
  An orc warrior (Bailey)
  3 killer bees
7 creatures vanquished.

Grand Total: 293 creatures vanquished

Notes
Turn   | Place    | Note
-------+----------+-------------------------------------------
     0 | D:1      | hikkokomori the Coglin Artificer began the quest for the
                  | Orb.
     0 | D:1      | Reached XP level 1. HP: 15/15 MP: 1/1
    70 | D:1      | Reached skill level 1 in Stealth
   132 | D:1      | Reached XP level 2. HP: 21/21 MP: 2/2
   577 | D:1      | Reached XP level 3. HP: 27/27 MP: 3/3
  1190 | D:2      | Reached XP level 4. HP: 33/33 MP: 4/4
  1563 | D:3      | Reached skill level 5 in Evocations
  1607 | D:3      | Noticed Jessica
  1617 | D:3      | Killed Jessica
  1618 | D:3      | Reached skill level 1 in Short Blades
  1618 | D:3      | Reached XP level 5. HP: 28/39 MP: 5/5
  1666 | D:3      | Found a faded altar of an unknown god.
  2208 | D:3      | Found a shimmering blue altar of Sif Muna.
  2213 | D:3      | Found a radiant altar of Vehumet.
  2217 | D:3      | Found a glowing silver altar of Zin.
  2217 | D:3      | Found a hazy altar of Hepliaklqana.
  2217 | D:3      | Found a basalt altar of Yredelemnul.
  2218 | D:3      | Found a stormy altar of Qazlal.
  2221 | D:3      | Found a sacrificial altar of Ru.
  2275 | D:4      | Found a hide-covered altar of Uskayaw.
  2369 | D:4      | Found Saonauf's Lightly-Used Armoury.
  2379 | D:4      | Bought a -2 hand cannon for 1 gold piece
  2515 | D:4      | Found Attugh's General Store.
  2524 | D:4      | Bought a scroll of teleportation for 42 gold pieces
  2524 | D:4      | Bought a potion of curing for 42 gold pieces
  2524 | D:4      | Bought a scroll of identify for 28 gold pieces
  2592 | D:4      | Found Jilumm's Magic Scroll Emporium.
  2756 | D:4      | Found Tempoet's Jewellery Shop.
  2838 | D:4      | Found Ter Myb's Antique Armour Emporium.
  2851 | D:4      | Reached XP level 6. HP: 47/47 MP: 6/6
  2856 | D:4      | Reached skill level 1 in Ranged Weapons
  2856 | D:4      | Reached skill level 6 in Evocations
  3102 | D:5      | Entered Level 5 of the Dungeon
  3200 | D:5      | Learned a level 2 spell: Blink
  3275 | D:5      | Noticed Menkaure
  3287 | D:5      | Killed Menkaure
  3288 | D:5      | Reached skill level 1 in Translocations
  3288 | D:5      | Reached XP level 7. HP: 29/52 MP: 7/7
  3428 | D:5      | Noticed Pikel
  3953 | D:5      | Reached XP level 8. HP: 30/58 MP: 8/8
  4014 | D:5      | Killed Pikel
  4015 | D:5      | Reached skill level 5 in Ranged Weapons
  4015 | D:5      | Reached skill level 5 in Translocations
  4170 | D:5      | Found a staircase to the Ecumenical Temple.
  4181 | Temple   | Entered the Ecumenical Temple
  4194 | Temple   | Became a worshipper of Gozag Ym Sagoz the Greedy
  4299 | D:5      | Identified the +6 mace "Spider's Funeral" {freeze, *Slow
                  | rC++ Str+3 Int+2}
  4674 | D:6      | Reached XP level 9. HP: 35/62 MP: 9/9
  5347 | D:7      | Found a flagged portal.
  5626 | Bailey   | Entered a bailey
  5639 | Bailey   | Reached skill level 1 in Spellcasting
  5727 | Bailey   | Noticed an orc knight
  5732 | Bailey   | an orc knight changed into a wind drake
  5732 | Bailey   | Noticed a wind drake
  5737 | Bailey   | Noticed an orc sorcerer
  5743 | Bailey   | Killed an orc sorcerer
  5744 | Bailey   | Reached skill level 5 in Fighting
  5744 | Bailey   | Reached XP level 10. HP: 30/74 MP: 11/13
  6292 | Bailey   | Reached skill level 7 in Evocations
  6307 | Bailey   | Acquired a manual of Evocations
  6375 | Bailey   | Noticed an orc sorcerer
  6378 | Bailey   | Killed an orc sorcerer
  6379 | Bailey   | Reached skill level 8 in Evocations
  6386 | Bailey   | Found an iron altar of Okawaru.
  6407 | Bailey   | Identified the +2 ring mail "Vikhlo" {rCorr MP+9 Dex+3}
  6584 | Bailey   | Reached skill level 1 in Dodging
  7053 | D:7      | Found Voer's Book Shoppe.
  7161 | D:4      | Bought a pair of brightly glowing gloves for 228 gold
                  | pieces
  7161 | D:4      | Identified the +0 pair of gloves "Viamuth" {rElec rPois}
                  | (You bought it in a shop on level 4 of the Dungeon)
  7186 | D:4      | Bought a scroll of revelation for 105 gold pieces
  7186 | D:4      | Bought a scroll of enchant weapon for 105 gold pieces
  7186 | D:4      | Bought a scroll of blinking for 105 gold pieces
  7186 | D:4      | Bought 3 scrolls of identify for 84 gold pieces
  7339 | D:7      | Found an iron altar of Okawaru.
  8297 | D:8      | Reached skill level 9 in Evocations
  8525 | D:8      | Found a staircase to the Lair.
  8525 | D:8      | Noticed an elephant
  8535 | D:8      | Killed an elephant
  8536 | D:8      | Reached skill level 10 in Evocations
  8921 | D:8      | Reached XP level 11. HP: 74/79 MP: 15/15
  9001 | D:8      | Reached skill level 10 in Ranged Weapons
  9001 | D:8      | Reached skill level 11 in Evocations
  9477 | D:9      | Found Deuli's Jewellery Shoppe.
  9697 | D:9      | Reached skill level 12 in Evocations
 10195 | D:10     | Entered Level 10 of the Dungeon
 10343 | D:10     | Noticed Erica
 10348 | D:10     | Found a burning altar of Makhleb.
 10356 | D:10     | Your ally Erica died
 10665 | D:10     | Found a staircase to the Orcish Mines.
 11083 | Orc:1    | Entered Level 1 of the Orcish Mines
 11142 | D:9      | Reached skill level 13 in Evocations
 11325 | Lair:1   | Entered Level 1 of the Lair of Beasts
 11661 | Lair:1   | Reached skill level 14 in Evocations
 12246 | Lair:1   | Reached skill level 15 in Evocations
 12255 | Lair:1   | Reached XP level 12. HP: 58/89 MP: 16/16
 12583 | Lair:1   | HP: 1/89 [basilisk (6)]
 12583 | Lair:1   | Mangled by a cane toad

Illustrated notes

Levels and vault maps discovered:
D:1:      heliophobic_arrival_battle_scene, layout_loops_ring,
          minmay_stone_trees_small, grunt_decor_resistance
D:2:      layout_rooms, serial_corexii_hall, corexii_hall_statues_l,
          corexii_hall_statues_l, corexii_hall_statues_s,
          chequers_hall_statues_y
D:3:      layout_loops_ring, minitemple, ebering_ecumenical_altar_webs,
          minmay_tree_intersection, minivault_5, uniq_jessica
D:4:      dreamdust_elfheim, layout_loops_cross,
          mainiacjoe_overflow_six_doors_small, serial_shops, shop,
          nicolae_shop_tiny_glass, shop, shop, minmay_shop_damaged
D:5:      layout_basic, minmay_temple_entry_hall, kennysheep_cluttered_room,
          uniq_pikel, uniq_menkaure
D:6:      layout_basic, abandoned_shop
D:7:      layout_basic, okawaru_trees_1, enter_bailey_5, serial_shops,
          nicolae_shop_tiny_glass
D:8:      layout_loops_ring, grunt_lair_entry_orc_guard_hut,
          serial_co_window_serial, co_window_corner_a, co_window_corner_a,
          co_window_corner_a, co_window_of_opportunity_a, co_window_corner_a,
          co_window_broadway_a, co_window_2corner, co_window_2corner,
          co_window_broadway_b, co_window_paths_c, co_window_cross_2,
          glass_columns_a
D:9:      layout_grid_maze, serial_shops, nicolae_shop_stone
D:10:     layout_basic, old_standard_altar, orc_0_dummy, uniq_erica
Temple:   nicolae_temple_hex_pool
Lair:1:   layout_cave_pods, grunt_forest_small_clearing_treed,
          grunt_megastairs_3, serial_bayou_shore_a
Lair:2:   layout_layer_cave, grunt_megastairs_2
Orc:1:    layout_caves, serial_shops, shop

Skill      XL: |  1  2  3  4  5  6  7  8  9 10 11 |
---------------+----------------------------------+-----
Stealth        | 1 2 |  2.0
Armour         | 2 3 4 |  4.9
Fighting       | 2 3 5 6 |  6.7
Evocations     | 5 6 10 15 | 15.6
Short Blades   | 1 |  1.4
Ranged Weapons | 3 4 6 7 9 10 | 10.0
Translocations | 1 3 6 7 |  7.2
Spellcasting   | 2 3 |  3.0
Dodging        | 2 4 |  4.4

Action                     |  1- 3 |  4- 6 |  7- 9 | 10-12 || total
---------------------------+-------+-------+-------+-------++-------
  Melee: Dagger            |    92 |   148 |       |       ||   240
         Club              |    91 |     9 |       |       ||   100
         Hand cannon       |       |    15 |       |       ||    15
   Fire: Sling             |       |    32 |   169 |   353 ||   554
         Hand cannon       |       |    32 |   169 |   353 ||   554
  Evoke: Wand              |       |     1 |    14 |    11 ||    26
    Use: Scroll            |       |     6 |     8 |    13 ||    27
         Potion            |       |     1 |       |       ||     1
   Stab: Sleeping          |     2 |     7 |       |       ||     9
         Distracted        |       |     1 |       |       ||     1
 Armour: Leather armour    |    14 |       |       |       ||    14
         Ring mail         |    52 |    70 |    61 |   178 ||   361
         Skin              |       |       |     3 |       ||     3
  Dodge: Dodged            |    52 |    53 |    46 |   125 ||   276

Table legend: (Time is in decaauts)
 A = Elapsed time spent in this place.
 B = Non-inter-level travel time spent in this place.
 C = Inter-level travel time spent in this place.
 D = Time resting spent in this place.
 E = Time spent auto-exploring this place.
 F = Levels seen in this place.
 G = Mean time per level.
                   A        B        C        D        E       F      G
               +--------+--------+--------+--------+--------+-----+--------+
         Total |  12818 |  12057 |    761 |    736 |   8949 |  15 |  854.5 |
       Dungeon |  10093 |   9385 |    708 |    283 |   7362 |  10 | 1009.3 |
        Temple |     26 |      1 |     25 |      0 |      0 |   1 |   26.0 |
          Lair |   1292 |   1266 |     26 |      0 |   1108 |   2 |  646.0 |
  Orcish Mines |      6 |      6 |      0 |      0 |      0 |   1 |    6.0 |
        Bailey |   1399 |   1399 |      0 |    453 |    478 |   1 | 1399.0 |
               +--------+--------+--------+--------+--------+-----+--------+

Top non-repeatable levels by time:
     D:5: 1418 daAuts
  Bailey: 1399 daAuts
  Lair:1: 1278 daAuts
     D:8: 1221 daAuts
     D:9: 1201 daAuts
     D:7: 1148 daAuts
     D:3: 952 daAuts
    D:10: 949 daAuts
     D:6: 947 daAuts
     D:4: 919 daAuts
     D:2: 709 daAuts
     D:1: 623 daAuts
  Temple: 26 daAuts
  Lair:2: 14 daAuts
   Orc:1: 6 daAuts
